 Dungeon Crawl Stone Soup version 0.29-a0-477-g62b78b4225 (webtiles) character file.

Game seed: 12563456924898560830

484 frimble the Grasshopper (level 7, -4/56 HPs)
             Began as a Gnoll Warper on May 25, 2022.
             Was an Initiate of Cheibriados.
             Slain by a gnoll
             ... wielding a +0 whip
             ... led by a gnoll sergeant
              (5 damage)
             ... on level 5 of the Dungeon.
             The game lasted 00:05:31 (4313 turns).

frimble the Grasshopper (Gnoll Warper)              Turns: 4313, Time: 00:05:32

Health: -4/56      AC:  3    Str: 14    XL:     7   Next: 12%
Magic:  10/15      EV: 13    Int: 16    God:    Cheibriados [......]
Gold:   209        SH:  0    Dex: 12    Spells: 12/17 levels left

rFire   . . .      SeeInvis .   a - +0 short sword
rCold   . . .      Faith    .   (no shield)
rNeg    + . .      Spirit   .   k - +0 leather armour
rPois   .          Reflect  .   (no helmet)
rElec   .          Harm     .   (no cloak)
rCorr   .          Rampage  .   (no gloves)
Will    .....                   (no boots)
Stlth   ++........              e - amulet of Gewofeuh {RegenMP Str+3}
HPRegen 0.18/turn               p - ring of positive energy
MPRegen 0.54/turn               (no ring)

@: lethally poisoned (-4 -> -25), unable to read, very slow
A: fangs 1, strong nose, distributed training, hooves 1, inability to read while
threatened
a: Renounce Religion


You were on level 5 of the Dungeon.
You worshipped Cheibriados.
Cheibriados was noncommittal.
You visited 2 branches of the dungeon, and saw 6 of its levels.

You collected 209 gold pieces.

Inventory:

Hand Weapons
 a - a +0 short sword (weapon)
 b - a +0 hunting sling
Missiles
 d - 4 boomerangs of dispersal
 i - 3 poisoned darts (quivered)
 r - 2 boomerangs
Armour
 k - a +0 leather armour (worn)
Jewellery
 e - the amulet of Gewofeuh (around neck) {RegenMP Str+3}
   (You found it on level 5 of the Dungeon)

   [amulet of magic regeneration]

   It increases your rate of magic regeneration.
   Str:       It affects your strength (+3).
 p - a ring of positive energy (left hand)
 q - a ring of fire
Scrolls
 c - 3 scrolls of blinking
 f - 2 scrolls of immolation
 h - a scroll of vulnerability
 m - a scroll of amnesia
 n - a scroll of magic mapping
 o - 2 scrolls of teleportation
Potions
 g - 2 potions of attraction
 l - a potion of invisibility
 s - a potion of might


   Skills:
 + Level 5.1 Fighting
 + Level 5.1 Short Blades
 + Level 2.3 Long Blades
 + Level 2.3 Axes
 + Level 2.3 Maces & Flails
 + Level 2.3 Polearms
 + Level 2.3 Staves
 + Level 2.3 Slings
 + Level 2.3 Bows
 + Level 2.3 Crossbows
 + Level 3.5 Throwing
 + Level 3.5 Armour
 + Level 5.1 Dodging
 + Level 2.3 Stealth
 + Level 2.3 Shields
 + Level 2.3 Unarmed Combat
 + Level 5.5 Spellcasting
 + Level 1.8 Conjurations
 + Level 1.8 Hexes
 + Level 1.8 Summonings
 + Level 1.8 Necromancy
 + Level 5.8 Translocations
 + Level 1.8 Transmutations
 + Level 1.8 Fire Magic
 + Level 1.8 Ice Magic
 + Level 1.8 Air Magic
 + Level 1.8 Earth Magic
 + Level 1.8 Poison Magic
 + Level 2.5 Invocations
 + Level 2.3 Evocations


You had 12 spell levels left.
You knew the following spells:

 Your Spells              Type           Power      Damage    Failure   Level
a - Blink                 Tloc           44%        N/A       2%          2
b - Gell's Gravitas       Tloc           22%        N/A       4%          3

Your spell library contained the following spells:

 Spells                   Type           Power      Damage    Failure   Level
 Lesser Beckoning         Tloc           22%        N/A       4%          3
 Teleport Other           Tloc           22%        N/A       4%          3
 Manifold Assault         Tloc           22%        N/A       41%         5


Dungeon Overview and Level Annotations

Branches:
Dungeon (5/15)             Temple (1/1) D:5

Altars:
Ashenzari
Cheibriados
Dithmenos
Elyvilon
Fedhas
Gozag
Kikubaaqudgha
Makhleb
Okawaru
Qazlal
Ru
Sif Muna
Trog
Uskayaw
Vehumet
Wu Jian
Yredelemnul
Zin

Annotations:
D:4 Edmund


Innate Abilities, Weirdness & Mutations

You have very sharp teeth.
Your uncanny sense of smell can sniff out nearby items.
Your experience applies equally to all skills.
You have large cloven feet.
You sometimes lose the ability to read scrolls when taking damage.


Message History

Confirm with . or Enter, or press ? or * to list all spells.
Aiming: Gell's Gravitas (dangerous; 4% risk of failure)
Press: ? - help, Dir - move target, f - orc priest, p - gnoll sergeant
Aim: an orc priest, wielding a +0 falchion (almost dead) Gravity reorients around the orc priest.
The gnoll sergeant collides with the orc priest!
You kill the orc priest!
Cheibriados appreciates the change of pace.
The gnoll attacks as you move away! The gnoll hits you with a +0 whip!
Casting: Gell's Gravitas (dangerous; 4% risk of failure)
Confirm with . or Enter, or press ? or * to list all spells.
Aiming: Gell's Gravitas (dangerous; 4% risk of failure)
Press: ? - help, Dir - move target Gravity reorients around empty space.
Casting: Gell's Gravitas (dangerous; 4% risk of failure)
Confirm with . or Enter, or press ? or * to list all spells.
You blink.
The gnoll attacks as you move away! The gnoll hits you with a +0 whip.
The gnoll sergeant hits you from afar with a +6 spear of venom!
The gnoll attacks as you move away! The gnoll hits you with a +0 whip.
You feel stable enough to blink again. The gnoll barely misses you.
The gnoll sergeant hits you from afar with a +6 spear of venom!
* * * LOW HITPOINT WARNING * * *
You are poisoned.
It was a potion of curing.
You feel better.
The gnoll sergeant hits you from afar with a +6 spear of venom!
* * * LOW HITPOINT WARNING * * *
You are lethally poisoned!
A gnoll comes into view. It is wielding a +0 flail.
Okay, then.
Really quaff the potion of mutation?
You feel extremely strange.
You lose the ability to read scrolls when threatened.
Your feet thicken and deform.
* * * LOW HITPOINT WARNING * * *
You feel very sick. The gnoll hits you with a +0 whip.
You feel threatened and lose the ability to read scrolls!
You die...

#'### ...o.# .....# ..(. #####.(.
################# .....(#
##........##.##[.####### ......#
#...>.............#....# ....(.#
#.....g@..........#....#
......#+###.##..##..##.....####.#
.........##.##g.#####..#...####.#
.........#..............#........
..)......#...........#..####.....
.......g.#..##..######...####....
......go.#..##..######....##...#.
.........#g..#....#.....#.....###
#####....'...#....#......#..>.###


You could see a gnoll sergeant and 2 gnolls.

Vanquished Creatures
  Grinder (D:4)
  Pargi (D:3)
  2 orc priests (D:5)
  An orc wizard (D:4)
  3 adders
  A worm (D:2)
  2 dart slugs
  7 orcs
  8 bats
  4 endoplasms (D:1)
  3 giant cockroaches
  5 goblins
  10 hobgoblins
  8 kobolds
  5 quokkas
  5 ball pythons
  5 frilled lizards
  6 rats
77 creatures vanquished.

Notes
Turn   | Place    | Note
-------+----------+-------------------------------------------
     0 | D:1      | frimble the Gnoll Warper began the quest for the Orb.
     0 | D:1      | Reached XP level 1. HP: 20/20 MP: 6/6
   288 | D:1      | Reached XP level 2. HP: 22/26 MP: 7/7
   300 | D:1      | Learned a level 2 spell: Blink
   349 | D:1      | Found a faded altar of an unknown god.
  1018 | D:1      | Reached XP level 3. HP: 27/31 MP: 9/9
  1025 | D:1      | Reached skill level 5 in Spellcasting
  1486 | D:2      | Reached skill level 1 in Invocations
  1765 | D:2      | Reached skill level 1 in Long Blades
  1765 | D:2      | Reached skill level 1 in Axes
  1765 | D:2      | Reached skill level 1 in Maces & Flails
  1765 | D:2      | Reached skill level 1 in Polearms
  1765 | D:2      | Reached skill level 1 in Staves
  1765 | D:2      | Reached skill level 1 in Slings
  1765 | D:2      | Reached skill level 1 in Bows
  1765 | D:2      | Reached skill level 1 in Crossbows
  1765 | D:2      | Reached skill level 1 in Stealth
  1765 | D:2      | Reached skill level 1 in Shields
  1765 | D:2      | Reached skill level 1 in Unarmed Combat
  1765 | D:2      | Reached skill level 1 in Evocations
  2206 | D:2      | Reached XP level 4. HP: 38/38 MP: 11/11
  2620 | D:3      | Noticed Pargi
  2640 | D:3      | Killed Pargi
  2641 | D:3      | Reached skill level 1 in Conjurations
  2641 | D:3      | Reached skill level 1 in Hexes
  2641 | D:3      | Reached skill level 1 in Summonings
  2641 | D:3      | Reached skill level 1 in Necromancy
  2641 | D:3      | Reached skill level 1 in Transmutations
  2641 | D:3      | Reached skill level 1 in Fire Magic
  2641 | D:3      | Reached skill level 1 in Ice Magic
  2641 | D:3      | Reached skill level 1 in Air Magic
  2641 | D:3      | Reached skill level 1 in Earth Magic
  2641 | D:3      | Reached skill level 1 in Poison Magic
  2641 | D:3      | Reached XP level 5. HP: 39/43 MP: 12/12
  3540 | D:4      | Noticed Grinder
  3550 | D:4      | Killed Grinder
  3551 | D:4      | Reached skill level 5 in Fighting
  3551 | D:4      | Reached skill level 5 in Short Blades
  3551 | D:4      | Reached skill level 5 in Dodging
  3551 | D:4      | Reached XP level 6. HP: 43/51 MP: 14/14
  3636 | D:4      | Noticed Edmund
  3654 | D:5      | Entered Level 5 of the Dungeon
  4022 | D:5      | Identified the amulet of Gewofeuh {RegenMP Str+3}
  4039 | D:5      | Found a staircase to the Ecumenical Temple.
  4044 | D:5      | Learned a level 3 spell: Gell's Gravitas
  4052 | Temple   | Entered the Ecumenical Temple
  4116 | Temple   | Became a worshipper of Cheibriados the Contemplative
  4300 | D:5      | Reached XP level 7. HP: 56/56 MP: 13/15
  4313 | D:5      | Gained mutation: You sometimes lose the ability to read
                  | scrolls when taking damage. [potion of mutation]
  4313 | D:5      | Gained mutation: You have large cloven feet. [potion of
                  | mutation]
  4313 | D:5      | HP: 1/56 [poisoned by a gnoll sergeant]
  4313 | D:5      | Slain by a gnoll

Illustrated notes

Levels and vault maps discovered:
D:1:      dpeg_arrival_tiny_f, layout_rooms,
          shapermc_ecumenical_altar_acropolis, serial_bayou_crossing
D:2:      layout_loops_cross, kennysheep_crisscross
D:3:      layout_loops_ring, kennysheep_cluttered_room, uniq_pargi
D:4:      layout_loops_ring, uniq_robin, uniq_grinder, uniq_edmund
D:5:      layout_gridville, minmay_temple_entry_wispy
Temple:   compressed_dpeg_circular_temple

Skill      XL: |  1  2  3  4  5 |
---------------+----------------+-----
Spellcasting   | 5 |  5.5
Invocations    | 1 2 |  2.5
Long Blades    | 1 2 |  2.3
Axes           | 1 2 |  2.3
Maces & Flails | 1 2 |  2.3
Polearms       | 1 2 |  2.3
Staves         | 1 2 |  2.3
Slings         | 1 2 |  2.3
Bows           | 1 2 |  2.3
Crossbows      | 1 2 |  2.3
Stealth        | 1 2 |  2.3
Shields        | 1 2 |  2.3
Unarmed Combat | 1 2 |  2.3
Evocations     | 1 2 |  2.3
Throwing       | 3 |  3.5
Armour         | 3 |  3.5
Conjurations   | 1 |  1.8
Hexes          | 1 |  1.8
Summonings     | 1 |  1.8
Necromancy     | 1 |  1.8
Transmutations | 1 |  1.8
Fire Magic     | 1 |  1.8
Ice Magic      | 1 |  1.8
Air Magic      | 1 |  1.8
Earth Magic    | 1 |  1.8
Poison Magic   | 1 |  1.8
Fighting       | 5 |  5.1
Short Blades   | 5 |  5.1
Dodging        | 5 |  5.1
Translocations | |  5.8

Action                   |  1- 3 |  4- 6 |  7- 9 || total
-------------------------+-------+-------+-------++-------
Melee: Short sword       |   170 |   122 |       ||   292
       Bite              |    18 |    11 |       ||    29
       Punch             |       |     3 |       ||     3
 Fire: Hunting sling     |    30 |    35 |       ||    65
Throw: Boomerang         |       |     3 |       ||     3
       Dart              |       |     7 |       ||     7
 Cast: Blink             |     3 |     1 |     1 ||     5
       Gell's Gravitas   |       |     2 |     3 ||     5
  Use: Scroll            |     3 |     5 |       ||     8
       Potion            |       |     3 |     2 ||     5
 Stab: Invisible         |       |     4 |       ||     4
       Sleeping          |       |     1 |       ||     1
Armor: Leather armour    |    52 |    18 |       ||    70
Dodge: Dodged            |   120 |   103 |     1 ||   224

Table legend: (Time is in decaauts)
 A = Elapsed time spent in this place.
 B = Non-inter-level travel time spent in this place.
 C = Inter-level travel time spent in this place.
 D = Time resting spent in this place.
 E = Time spent auto-exploring this place.
 F = Levels seen in this place.
 G = Mean time per level.
                   A        B        C        D        E       F      G
               +--------+--------+--------+--------+--------+-----+--------+
         Total |   4362 |   4170 |    192 |      3 |   3372 |   6 |  727.0 |
       Dungeon |   4258 |   4120 |    138 |      3 |   3336 |   5 |  851.6 |
        Temple |    103 |     50 |     53 |      0 |     36 |   1 |  103.0 |
               +--------+--------+--------+--------+--------+-----+--------+

Top non-repeatable levels by time:
     D:2: 1284 daAuts
     D:1: 1183 daAuts
     D:3: 1061 daAuts
     D:4: 439 daAuts
     D:5: 289 daAuts
  Temple: 103 daAuts
